 Dungeon Crawl Stone Soup version 0.31.0-32-g396128a36d (webtiles) character file.

Game seed: 6350396472385148927

186 cdecastro the Grasshopper (level 5, -3/41 HPs)
             Began as an Armataur Warper on Mar 18, 2024.
             Was an Initiate of Ru.
             Killed from afar by Blork the orc (5 damage)
             ... with a magic dart
             ... on level 4 of the Dungeon.
             The game lasted 00:05:02 (2668 turns).

cdecastro the Grasshopper (Armataur Warper)         Turns: 2668, Time: 00:05:04

Health: -3/41      AC:  6    Str: 16    XL:     5   Next: 38%
Magic:  7/7        EV:  9    Int: 15    God:    Ru [......]
Gold:   187        SH:  0    Dex: 10    Spells: 3/7 levels left

rFire   . . .        n - +1 dagger (elec)
rCold   . . .        (no shield)
rNeg    . . .        b - +0 leather armour
rPois   .            t - +0 helmet
rElec   .            (no cloak)
rCorr   .            m - +0 pair of gloves
SInv    .            (no barding)
Will    .....        l - amulet of regeneration
Stlth   +            (no ring)
HPRegen 1.06/turn    (no ring)
MPRegen 0.43/turn

%: roll
@: no status effects
A: large, deformed body, tough skin 3, armoured tail, roll 1
a: Renounce Religion


You were on level 4 of the Dungeon.
You worshipped Ru.
Ru was noncommittal.
You visited 1 branch of the dungeon, and saw 4 of its levels.

You collected 187 gold pieces.

Inventory:

Hand Weapons
 a - a +0 mace
 n - a +1 dagger of electrocution (weapon)
Missiles
 d - 7 darts of dispersal
 f - 5 poisoned darts (quivered)
 h - 3 atropa-tipped darts
Armour
 b - a +0 leather armour (worn)
 m - a +0 pair of gloves (worn)
 t - a +0 helmet (worn)
Magical Staves
 w - a staff of death
Jewellery
 l - an amulet of regeneration (around neck)
Wands
 r - a wand of roots (10)
Scrolls
 c - a scroll of blinking
 g - a scroll of poison {unknown}
 j - 4 scrolls of identify {unknown}
 k - a scroll of enchant armour {unknown}
 p - 3 scrolls of teleportation {unknown}
 q - a scroll of fear {unknown}
 s - a scroll of enchant weapon {unknown}
 v - a scroll of fog {unknown}
Potions
 e - 2 potions of invisibility {unknown}
 i - 2 potions of curing {unknown}
 o - a potion of heal wounds {unknown}
 u - 2 potions of degeneration {unknown}


   Skills:
 - Level 1.7 Fighting
 - Level 2.4 Maces & Flails
 * Level 3.5 Throwing
 - Level 1.2 Armour
 - Level 1.3 Dodging
 - Level 1.7 Spellcasting
 + Level 4.2 Translocations


You had 3 spell levels left.
You knew the following spells:

 Your Spells              Type           Power      Damage    Failure   Level
a - Blink                 Tloc           28%        N/A       8%          2
b - Lesser Beckoning      Tloc           28%        N/A       8%          2

Your spell library contained the following spells:

 Spells                   Type           Power      Damage    Failure   Level
 Teleport Other           Tloc           14%        N/A       14%         3
 Manifold Assault         Tloc           14%        N/A       43%         4
 Vhi's Electric Charge    Tloc/Air       14%        N/A       75%         4


Dungeon Overview and Level Annotations

Branches:
Dungeon (4/15)
 Temple: D:4-7

Altars:
Qazlal
Ru
The Shining One

Shops:
D:3 (

Annotations:
D:2 1 runed translucent door, Crazy Yiuf
D:4 Blork the orc


Innate Abilities, Weirdness & Mutations

Armour fits poorly on your strangely shaped body.
You have extremely tough skin. (AC +3)
You have a long armoured tail.
You regenerate magic when rolling toward enemies. (Rampage MPRegen)


Message History

You roll towards the giant cockroach!
You hit the giant cockroach but do no damage.
Lightning courses through the giant cockroach!
You kill the giant cockroach!
You roll towards Blork the orc!
You closely miss Blork the orc. Blork the orc barely misses you.
You completely miss Blork the orc. Blork the orc closely misses you.
You completely miss Blork the orc.
Blork the orc mumbles some strange words.
Blork the orc seems to speed up.
You hit Blork the orc.
Your tail-slap misses Blork the orc.
Blork the orc is lightly wounded.
Blork the orc hits you with a +0 halberd!
You hit Blork the orc.
Lightning courses through Blork the orc!
Blork the orc is severely wounded.
Blork the orc hits you with a +0 halberd!
Blork the orc gestures at you while chanting.
The puff of flame hits you.
You hit Blork the orc.
You punch Blork the orc, but do no damage.
Blork the orc is severely wounded.
Blork the orc completely misses you.
You hit Blork the orc.
Blork the orc is severely wounded.
Blork the orc closely misses you.
Blork the orc hits you with a +0 halberd!
* * * LOW HITPOINT WARNING * * *
You barely miss Blork the orc.
Blork the orc is severely wounded.
Blork the orc gestures at you while chanting.
The puff of flame hits you.
* * * LOW HITPOINT WARNING * * *
You closely miss Blork the orc.
Blork the orc is severely wounded.
Blork the orc hits you with a +0 halberd.
* * * LOW HITPOINT WARNING * * *
Blork the orc gestures at you while chanting.
The magic dart hits you.
You die...

.... .... ... #..
### #.B ##.#
#o.#######..#
#.#.o@.....#
#...#####)## ..
##..######.#
#.##...#..##...#
#.#..#....##.### #)#
....##..###..#
#...####......###.##
..........#..###..#
~~~.........##..##


You could see Blork the orc (fast).

Vanquished Creatures
  Natasha (twice) (D:3)
  4 gnolls (D:3)
  2 adders (D:2)
  2 ribbon worms (D:2)
  3 orcs
  9 ball pythons
  11 bats
  An endoplasm (D:1)
  A giant cockroach (D:4)
  7 goblins
  6 hobgoblins
  4 jackals (D:1)
  10 kobolds
  3 quokkas
  3 frilled lizards
  A rat (D:1)
69 creatures vanquished.

Notes
Turn   | Place    | Note
-------+----------+-------------------------------------------
     0 | D:1      | cdecastro the Armataur Warper began the quest for the Orb.
     0 | D:1      | Reached XP level 1. HP: 17/17 MP: 3/3
   173 | D:1      | Reached XP level 2. HP: 24/24 MP: 4/4
   306 | D:1      | Reached skill level 1 in Throwing
   520 | D:1      | Found a faded altar of an unknown god.
   665 | D:1      | Reached XP level 3. HP: 14/29 MP: 5/5
  1058 | D:1      | Prayed at the altar of an unknown god.
  1058 | D:1      | Became a worshipper of the Shining One
  1058 | D:1      | Reached * piety under the Shining One
  1099 | D:2      | Learned a level 2 spell: Blink
  1102 | D:2      | Learned a level 2 spell: Lesser Beckoning
  1702 | D:2      | Found a runed translucent door.
  1703 | D:2      | Noticed Crazy Yiuf
  1741 | D:3      | Reached XP level 4. HP: 36/36 MP: 6/6
  1819 | D:3      | Noticed Natasha
  1826 | D:3      | Killed Natasha
  1845 | D:3      | Found a stormy altar of Qazlal.
  1894 | D:3      | Noticed Natasha
  1903 | D:3      | Killed Natasha
  1904 | D:3      | Reached skill level 4 in Translocations
  2002 | D:3      | Reached XP level 5. HP: 34/41 MP: 7/7
  2078 | D:3      | Found a sacrificial altar of Ru.
  2163 | D:3      | Found Jahiro's Antique Weapon Boutique.
  2529 | D:3      | Fell from the grace of the Shining One
  2529 | D:3      | Became a worshipper of Ru the Awakened
  2653 | D:4      | Noticed Blork the orc
  2668 | D:4      | HP: 2/41 [Blork the orc/+0 halberd (4)]
  2668 | D:4      | Killed from afar by Blork the orc

Illustrated notes

Levels and vault maps discovered:
D:1:      sevenhm_arrival_forest_fort_small_4, layout_basic,
          ebering_ecumenical_altar_box, minmay_misc_feat_diagonals,
          minmay_close_crescents
D:2:      layout_rooms, kennysheep_boxes, uniq_crazy_yiuf_cottage
D:3:      layout_loops_cross, nicolae_qazlal_general_emergency,
          mainiacjoe_overflow_cross_hatched, serial_shops, shop, uniq_natasha
D:4:      layout_rooms, general_overflow_altar, minmay_crystal_water,
          uniq_blork_the_orc

Skill      XL: |  1  2  3  4 |
---------------+-------------+-----
Maces & Flails | 2 |  2.4
Throwing       | 1 2 3 |  3.5
Translocations | 4 |  4.2
Fighting       | |  1.7
Armour         | |  1.2
Dodging        | |  1.3
Spellcasting   | |  1.7

Action                     |  1- 3 |  4- 6 || total
---------------------------+-------+-------++-------
  Melee: Mace              |    80 |       ||    80
         Tailslap          |    12 |     8 ||    20
         Punch             |     1 |     3 ||     4
         Dagger            |    69 |    93 ||   162
 Armour: Leather armour    |   126 |    76 ||   202
  Dodge: Dodged            |    77 |    64 ||   141
